 Dungeon Crawl Stone Soup version 0.21.1-1-g345015fe64 (webtiles) character file.

121 LevaFresel the Shield-Bearer (level 5, -2/41 HPs)
             Began as a Human Fighter on June 9, 2018.
             Slain by an adder (4 damage)
             ... on level 3 of the Dungeon.
             The game lasted 00:10:10 (2509 turns).

LevaFresel the Shield-Bearer (Human Fighter)        Turns: 2509, Time: 00:10:10

Health: -2/41      AC: 14    Str: 17    XL:     5   Next: 26%
Magic:  5/5        EV:  5    Int:  9    God:
Gold:   109        SH:  9    Dex: 12    Spells: 4/4 levels left

rFire    . . .     SeeInvis +   s - +0 rapier
rCold    . . .     Gourm    .   c - +0 shield
rNeg     . . .     Faith    .   m - +1 chain mail
rPois    .         Spirit   .   v - +2 helmet {SInv}
rElec    .         Reflect  .   (no cloak)
rCorr    .         Harm     .   j - +0 pair of gloves
MR       .....                  (no boots)
Stlth    ..........             (no amulet)
HPRegen  0.13/turn              (no ring)
MPRegen  0.09/turn              (no ring)

@: about to teleport, slowed, very slow
A: no striking features
a: no special abilities


You were on level 3 of the Dungeon.
You were not hungry.

You visited 1 branch of the dungeon, and saw 3 of its levels.

You collected 109 gold pieces.

Inventory:

Hand Weapons
 s - a +0 rapier (weapon)
Armour
 c - a +0 shield (worn)
 j - a +0 pair of gloves (worn)
 m - a +1 chain mail (worn)
 v - a +2 helmet of see invisible (worn)
Jewellery
 e - a cursed ring of teleportation {unknown}
Wands
 o - a wand of random effects (11)
Potions
 d - a potion of might
 g - 2 potions of lignification {unknown}
 h - a potion of invisibility {unknown}
 n - 2 potions of mutation {unknown}
 r - a potion of cancellation {unknown}
 u - a potion of flight {unknown}
Comestibles
 f - 7 rations


   Skills:
 + Level 3.4 Fighting
 * Level 0.5(2.0) Short Blades
   Level 3.2 Long Blades
 + Level 3.4 Armour
 + Level 1.4 Dodging
 + Level 3.5 Shields
 + Level 0.6 Evocations


You had 4 spell levels left.
You didn't know any spells.

Dungeon Overview and Level Annotations

Branches:
Dungeon (3/15)

Altars:
Qazlal
Sif Muna


Message History

The orc wizard is moderately wounded.
You block the orc wizard's attack. The adder bites you but does no damage.
You block the rat's attack.
The orc wizard hits you but does no damage.
The adder bites you. The rat bites you but does no damage.
The orc wizard gestures at you while chanting.
The magic dart hits you!
* * * LOW HITPOINT WARNING * * *
The orc wizard hits you but does no damage.
The adder bites you.
* * * LOW HITPOINT WARNING * * *
The orc wizard gestures at you while chanting.
The magic dart hits you!
* * * LOW HITPOINT WARNING * * *
You see here an orc corpse.
As you read the scroll of teleportation, it crumbles to dust.
You feel strangely unstable. You block the adder's attack.
The orc wizard hits you but does no damage.
You block the rat's attack. The adder bites you.
You die...

#....##....................÷.
#..........(.................
#.....#....(.................
****#.....#......................
.,,*#.....#......................
.,,*#....##......................
.,,##....##......................
.,,#.....##.....Sr...÷.........(.
.###.....##.....@o...÷÷..........
.#E#.....##.......)..............
.#####)####......................
.....).# #......................
....#### #......................
....# #........).....[.......
.#### #.......<...[..........
.#E# #...................... .###
######(################


You could see an orc wizard, an adder and a rat.

Vanquished Creatures
  An orc wizard (D:3)
  3 adders (D:2)
  A worm (D:2)
  2 dart slugs (D:1)
  11 orcs
  A giant cockroach (D:1)
  4 goblins
  6 hobgoblins
  2 quokkas
  A ball python (D:2)
  6 bats
  5 frilled lizards
  4 kobolds
  2 rats (D:1)
49 creatures vanquished.

Notes
Turn   | Place    | Note
-------+----------+-------------------------------------------
     0 | D:1      | LevaFresel the Human Fighter began the quest for the Orb.
     0 | D:1      | Reached XP level 1. HP: 18/18 MP: 1/1
   409 | D:1      | Reached XP level 2. HP: 24/24 MP: 2/2
   854 | D:2      | Reached XP level 3. HP: 23/29 MP: 3/3
   982 | D:2      | Found a deep blue altar of Sif Muna.
  1395 | D:2      | Reached skill level 1 in Dodging
  1770 | D:2      | Reached XP level 4. HP: 33/35 MP: 4/4
  2103 | D:3      | Reached XP level 5. HP: 31/41 MP: 5/5
  2459 | D:3      | Found a stormy altar of Qazlal.
  2461 | D:3      | Noticed a water elemental
  2462 | D:3      | Noticed an air elemental
  2462 | D:3      | Noticed a fire elemental
  2508 | D:3      | HP: 2/41 [orc wizard/magic dart (6)]
  2509 | D:3      | Slain by an adder

Skill      XL: |  1  2  3  4 |
---------------+-------------+-----
Dodging        | 1 |  1.4
Long Blades    | 3 |  3.2
Fighting       | |  3.4
Short Blades   | |  0.5
Armour         | |  3.4
Shields        | |  3.5
Evocations     | |  0.6

Action                   |  1- 3 |  4- 6 || total
-------------------------+-------+-------++-------
Melee: Long sword        |   110 |    50 ||   160
       Rapier            |       |    72 ||    72
  Use: Scroll            |     4 |     5 ||     9
  Eat: Ration            |     1 |       ||     1
       Chunk             |       |     2 ||     2
Armor: Scale mail        |    27 |       ||    27
       Chain mail        |    35 |   103 ||   138
Dodge: Dodged            |    29 |    33 ||    62
Block: Shield            |    61 |    84 ||   145
       Rpst.: Long sword |     8 |     2 ||    10
